 Dungeon Crawl Stone Soup version 0.29.1-15-g9cfb28693d (webtiles) character file.

Game seed: 9368746655191271214

19 GigaChad the Shield-Bearer (level 2, -2/27 HPs)
             Began as a Minotaur Fighter on Mar 13, 2023.
             Killed from afar by Sigmund (7 damage)
             ... with a magic dart
             ... on level 2 of the Dungeon.
             The game lasted 00:00:36 (749 turns).

GigaChad the Shield-Bearer (Minotaur Fighter)        Turns: 749, Time: 00:00:36

Health: -2/27      AC:  7    Str: 20    XL:     2   Next: 55%
Magic:  1/1        EV:  9    Int:  5    God:
Gold:   0          SH:  4    Dex:  9    Spells: 1/1 levels left

rFire   . . .      SeeInvis .   a - +0 war axe
rCold   . . .      Faith    .   c - +0 buckler
rNeg    . . .      Spirit   .   b - +0 scale mail
rPois   .          Reflect  .   (helmet restricted)
rElec   .          Harm     .   (no cloak)
rCorr   .          Rampage  .   (no gloves)
Will    .....                   (no boots)
Stlth   ..........              (no amulet)
HPRegen 0.09/turn               (no ring)
MPRegen 0.07/turn               (no ring)

@: no status effects
A: horns 2, retaliatory headbutt
a: no special abilities


You were on level 2 of the Dungeon.
You visited 1 branch of the dungeon, and saw 2 of its levels.

Inventory:

Hand Weapons
 a - a +0 war axe (weapon)
Armour
 b - a +0 scale mail (worn)
 c - a +0 buckler (worn)
Jewellery
 f - a ring of poison resistance
Scrolls
 e - a scroll of butterflies {unknown}
 g - a scroll of enchant armour {unknown}
 i - 2 scrolls of identify {unknown}
 j - a scroll of summoning {unknown}
Potions
 d - 2 potions of might
 h - a potion of flight {unknown}


   Skills:
 + Level 3.9 Fighting
 + Level 2.7 Axes
 + Level 3.9 Armour
 + Level 4.0 Shields


You had one spell level left.
You didn't know any spells.
Your spell library contained the following spells:

 Spells                   Type           Power      Damage    Failure   Level
 Metabolic Englaciation   Hex/Ice        0%         N/A       100%        5
 Spellforged Servitor     Conj/Summ      0%         N/A       100%        7
 Discord                  Hex            0%         N/A       100%        8


Dungeon Overview and Level Annotations

Branches:
Dungeon (2/15)

Altars:

Annotations:
D:2 Sigmund


Innate Abilities, Weirdness & Mutations

You have a pair of horns on your head.
You reflexively headbutt those who attack you in melee.


Message History

Sigmund is heavily wounded.
Sigmund casts a spell at you. The magic dart hits you.
The ball python closely misses you. You furiously retaliate!
You headbutt the ball python!
You kill the ball python!
You closely miss Sigmund. You headbutt Sigmund!
Sigmund is almost dead.
Sigmund completely misses you.
You closely miss Sigmund.
Sigmund is almost dead.
You hit the dart slug. Sigmund barely misses you. The adder closely misses you.
The dart slug bites you but does no damage.
You hit Sigmund but do no damage.
Sigmund is almost dead.
You hit the dart slug. You slash the adder! The adder barely misses you.
Sigmund casts a spell.
Sigmund flickers and vanishes!
Deactivating autopickup; reactivate with Ctrl-A.
You barely miss something. You hit the dart slug. You closely miss the adder.
The adder closely misses you. You block something's attack.
The dart slug barely misses you. The adder completely misses you.
You barely miss something. You hit the dart slug.
You kill the dart slug!
You barely miss the adder. The adder completely misses you.
You hear some strange, mumbled words.
A puff of flame appears from out of thin air!
You block the puff of flame. The adder bites you but does no damage.
Your Shields skill increases to level 4!
You closely miss something. You closely miss the adder. Something hits you!
The adder bites you but does no damage. x2
You miss something. You barely miss the adder.
Something hits you but does no damage. The adder bites you.
* * * LOW HITPOINT WARNING * * *
The adder bites you.
* * * LOW HITPOINT WARNING * * *
You barely miss something. You miss the adder.
You hear some strange, mumbled words.
A magic dart appears from out of thin air!
The magic dart hits you!
You die...

### #{# #@#
#....S........
#.............
#.............
#.............
#............/
#.............
#.............


You could see an adder.

Vanquished Creatures
  A dart slug (D:2)
  2 bats
  An endoplasm (D:1)
  2 goblins (D:1)
  2 hobgoblins (D:1)
  A kobold (D:1)
  A quokka (D:1)
  4 ball pythons
  A frilled lizard (D:1)
  2 rats (D:1)
17 creatures vanquished.

Vanquished Creatures (others)
  A withered plant (D:1)
1 creature vanquished.

Grand Total: 18 creatures vanquished

Notes
Turn   | Place    | Note
-------+----------+-------------------------------------------
     0 | D:1      | GigaChad the Minotaur Fighter began the quest for the Orb.
     0 | D:1      | Reached XP level 1. HP: 19/19 MP: 0/0
   225 | D:1      | Reached XP level 2. HP: 22/27 MP: 1/1
   571 | D:1      | Found a faded altar of an unknown god.
   640 | D:1      | Got the Spellbook of Assembled Imprecation
   737 | D:2      | Noticed Sigmund
   747 | D:2      | Reached skill level 4 in Shields
   749 | D:2      | Killed from afar by Sigmund

Illustrated notes

Levels and vault maps discovered:
D:1:      matt_arrival_refuge, layout_basic, ebering_ecumenical_altar_petrified
D:2:      layout_basic, uniq_sigmund

Skill      XL: |  1  2 |
---------------+-------+-----
Shields        | 4 |  4.0
Fighting       | |  3.9
Axes           | |  2.7
Armour         | |  3.9

Action                   || total
-------------------------++-------
Melee: War axe           ||    44
       Headbutt          ||     2
Armor: Scale mail        ||    29
Dodge: Dodged            ||    21
Block: Buckler           ||    14
